 Dungeon Crawl Stone Soup version 0.21.0-3-g78d12a8 (webtiles) character file.

7280 Leibowitz the Covert (level 11, -15/60 HPs)
             Began as a Kobold Enchanter on Jan 8, 2018.
             Was a High Priest of Dithmenos.
             Demolished by a two-headed ogre
             ... wielding a +0 giant club
              (33 damage)
             ... on level 9 of the Dungeon.
             The game lasted 00:42:05 (10956 turns).

Leibowitz the Covert (Kobold Enchanter)            Turns: 10956, Time: 00:42:06

Health: -15/60     AC:  7    Str:  6    XL:     11   Next: 34%
Magic:  15/23      EV: 18    Int: 22    God:    Dithmenos [*****.]
Gold:   235        SH:  0    Dex: 16    Spells: 20/27 levels left

rFire    + . .     SeeInvis .   a - +2 dagger (elec)
rCold    . . .     Gourm    .   (shield restricted)
rNeg     . . .     Faith    .   b - +0 robe
rPois    .         Spirit   .   (no helmet)
rElec    .         Reflect  .   w - +2 cloak
rCorr    .         Harm     .   (no gloves)
MR       .....                  k - +1 pair of boots
Stlth    ++++++++..             (no amulet)
HPRegen  0.20/turn              j - ring of protection from fire
MPRegen  0.18/turn              x - +3 ring of intelligence

@: wreathed by umbra
A: small, carnivore
a: Shadow Step, Shadow Form, Renounce Religion


You were on level 9 of the Dungeon.
You worshipped Dithmenos.
Dithmenos was extremely pleased with you.
You were completely stuffed.

You visited 1 branch of the dungeon, and saw 9 of its levels.

You collected 235 gold pieces.

Inventory:

Hand Weapons
 a - a +2 dagger of electrocution (weapon)
Missiles
 e - 25 poisoned needles
 u - a throwing net (quivered)
Armour
 b - a +0 robe (worn)
 k - a +1 pair of boots (worn)
 w - a +2 cloak (worn)
Jewellery
 j - a ring of protection from fire (left hand)
 t - an uncursed ring of teleportation
 x - a +3 ring of intelligence (right hand)
Wands
 s - a wand of paralysis (22)
 B - a wand of iceblast (3)
Scrolls
 g - 10 scrolls of remove curse
 h - 2 scrolls of amnesia
 i - 5 scrolls of identify
 l - 4 scrolls of enchant weapon
 n - a scroll of teleportation
 q - 2 scrolls of enchant armour
 v - a scroll of fear
 y - a scroll of magic mapping
Potions
 f - a potion of brilliance
 o - a potion of might
 p - 3 potions of lignification
 r - 4 potions of curing
 z - 3 potions of haste
 A - a potion of heal wounds
 C - a potion of invisibility
Books
 c - a book of Maledictions

   Spells                             Type                      Level
   a - Corona                         Hexes                        1
   b - Ensorcelled Hibernation        Hexes/Ice                    2
   c - Confuse                        Hexes                        3
   d - Tukima's Dance                 Hexes                        3
   e - Dazzling Spray                 Conjuration/Hexes            3
 D - a book of Frost

   Spells                             Type                      Level
   a - Freeze                         Ice                          1
   b - Throw Frost                    Conjuration/Ice              2
   c - Ozocubu's Armour               Charms/Ice                   3
   d - Throw Icicle                   Conjuration/Ice              4
   e - Summon Ice Beast               Ice/Summoning                4
 E - a book of Cantrips

   Spells                             Type                      Level
   a - Confusing Touch                Hexes                        1
   b - Animate Skeleton               Necromancy                   1
   c - Summon Small Mammal            Summoning                    1
   d - Apportation                    Translocation                1
Comestibles
 d - 12 rations
 m - 3 chunks of flesh


   Skills:
 + Level 3.0 Fighting
 + Level 7.1 Short Blades
 + Level 5.5 Dodging
 + Level 12.4 Stealth
 * Level 8.5 Spellcasting
 * Level 9.1 Hexes
 + Level 3.2 Ice Magic
 + Level 0.6 Evocations


You had 20 spell levels left.
You knew the following spells:

 Your Spells              Type           Power        Failure   Level  Hunger
a - Corona                Hex            #####..      1%          1    None
b - Ensorcelled Hibernat  Hex/Ice        #####.       1%          2    None
c - Confuse               Hex            #####...     1%          3    None
d - Confusing Touch       Hex            #####.       1%          1    None


Dungeon Overview and Level Annotations

Branches:
Dungeon (9/15)             Temple (0/1) D:7
   Lair: D:8-11         Orc: D:9-12

Altars:
Cheibriados
Dithmenos
Elyvilon
Fedhas
Okawaru
Qazlal
Trog
Vehumet
Wu Jian
Xom
Zin

Shops:
D:7 (   D:8 *

Annotations:
D:8 Gastronok; arkorax's ghost, novice MiWn


Innate Abilities, Weirdness & Mutations

You are small and have problems with some larger weapons.
You are carnivorous and can eat meat at any time.


Message History

The gnoll misses you.
The gnoll hits you from afar with a halberd.
* * * LOW HITPOINT WARNING * * *
Casting: Ensorcelled Hibernation
Confirm with . or Enter, or press ? or * to list all spells.
Aiming: Confuse
Press: ? - help, Shift-Dir - straight line, f - gnoll
Aim: a gnoll, wielding a halberd (umbra, chance to defeat MR: 79%)
The gnoll appears confused.
Casting: Confuse
Confirm with . or Enter, or press ? or * to list all spells.
Aiming: Confuse
Press: ? - help, Shift-Dir - straight line, f - two-headed ogre, p - gnoll
Aim: a two-headed ogre, wielding a giant club and a giant spiked club (umbra, chance to defeat MR: 55%)
The two-headed ogre resists with significant effort.
The iguana hisses menacingly.
The gnoll misses the iguana.
The two-headed ogre hits you with a giant club!!
Ouch! That really hurt!
You die...

.#####'#.......#
.#.....l.......#
.#....)))).....#
.#.............#
.#......)).....#####
.#......########...#
.#......'....l.....#
.#......#.g....O...#
##......########@..#
........# #...#
........# ....#
........# ##...#
..#+##### ##### ..#
..# ..# ..#


You could see a two-headed ogre, an iguana and a gnoll (confused).

Vanquished Creatures
  A two-headed ogre (D:8)
  The ghost of komo4ek the Summoner, a novice DrSu of the Shining One (D:6)
  Pikel (D:7)
  A cyclops (D:8)
  A hippogriff (D:7)
  Eustachio (D:6)
  2 steam dragons (D:8)
  Menkaure (D:7)
  Duvessa (D:6)
  2 ice beasts (D:5)
  2 slaves (D:7)
  4 orc warriors
  2 phantoms
  A sky beast (D:6)
  3 black bears
  A hornet zombie (D:6)
  9 ogres
  2 centaurs
  A big kobold (D:7)
  Dowan (D:6)
  A gnoll sergeant (D:6)
  A water moccasin zombie (D:8)
  3 scorpions
  6 killer bees (D:7)
  4 wights (D:8)
  6 howler monkeys
  6 crimson imps
  2 hounds
  10 orc wizards
  3 orc priests
  2 jellies (D:5)
  2 bullfrog skeletons
  3 centaur skeletons
  Ijyb (D:3)
  Terence (D:2)
  6 worker ants
  A killer bee zombie (D:8)
  2 worker ant zombies
  A howler monkey skeleton (D:4)
  12 gnolls
  11 adders
  4 oozes
  An adder skeleton (D:9)
  An adder zombie (D:6)
  5 worms
  5 dart slugs
  5 leopard geckos
  45 orcs
  4 bats
  5 giant cockroaches
  10 goblins
  8 hobgoblins
  6 jackals
  8 quokkas
  A ball python (D:6)
  8 frilled lizards
  12 kobolds
  A quokka skeleton (D:7)
  6 rats
257 creatures vanquished.

Vanquished Creatures (others)
  An ogre (D:8)
  A slave (D:7)
  A howler monkey (D:8)
  An orc priest (D:7)
  An orc (D:7)
  A jackal (D:7)
  A quokka (D:6)
7 creatures vanquished.

Grand Total: 264 creatures vanquished

Notes
Turn   | Place    | Note
-------+----------+-------------------------------------------
     0 | D:1      | Leibowitz the Kobold Enchanter began the quest for the Orb.
     0 | D:1      | Reached XP level 1. HP: 10/10 MP: 3/3
   411 | D:1      | Reached XP level 2. HP: 10/15 MP: 3/5
   415 | D:1      | Learned a level 2 spell: Ensorcelled Hibernation
   618 | D:1      | Reached XP level 3. HP: 14/19 MP: 6/6
   633 | D:1      | Learned a level 3 spell: Confuse
  1595 | D:2      | Noticed Terence
  1601 | D:2      | Killed Terence
  1601 | D:2      | Reached XP level 4. HP: 24/24 MP: 2/7
  1744 | D:2      | Found a shadowy altar of Dithmenos.
  1760 | D:2      | Became a worshipper of Dithmenos the Shadowed
  1782 | D:2      | Found a snail-covered altar of Cheibriados.
  1821 | D:2      | Found an iron altar of Okawaru.
  1906 | D:2      | Reached skill level 5 in Stealth
  2641 | D:3      | Reached skill level 1 in Ice Magic
  2641 | D:3      | Reached XP level 5. HP: 10/28 MP: 5/9
  3430 | D:3      | Reached XP level 6. HP: 33/33 MP: 6/10
  3517 | D:3      | Reached skill level 6 in Stealth
  3941 | D:3      | Reached * piety under Dithmenos
  4175 | D:3      | Noticed Ijyb
  4265 | D:3      | Killed Ijyb
  4265 | D:3      | Reached skill level 1 in Fighting
  4744 | D:4      | Found a blossoming altar of Fedhas.
  4810 | D:4      | Found a glowing silver altar of Zin.
  4810 | D:4      | Noticed an angel
  4811 | D:4      | Found a shimmering altar of Xom.
  4848 | D:4      | Noticed an ogre
  4861 | D:4      | Killed an ogre
  4881 | D:4      | Noticed a phantom
  4888 | D:4      | Reached XP level 7. HP: 38/38 MP: 4/12
  4896 | D:4      | Reached skill level 7 in Stealth
  5345 | D:4      | Found an ornate altar of the Wu Jian Council.
  5913 | D:5      | Entered Level 5 of the Dungeon
  5933 | D:5      | Reached XP level 8. HP: 43/43 MP: 11/14
  5945 | D:5      | Reached ** piety under Dithmenos
  5990 | D:5      | Found a radiant altar of Vehumet.
  6061 | D:5      | Reached skill level 5 in Hexes
  6409 | D:5      | Reached skill level 8 in Stealth
  6545 | D:5      | Found a bloodstained altar of Trog.
  6634 | D:5      | Found a stormy altar of Qazlal.
  6636 | D:5      | Noticed an air elemental
  6636 | D:5      | Noticed a fire elemental
  6636 | D:5      | Noticed a water elemental
  6907 | D:6      | Reached skill level 5 in Spellcasting
  6914 | D:6      | Found a white marble altar of Elyvilon.
  6920 | D:6      | Noticed komo4ek's ghost (novice DrSu)
  6969 | D:6      | Killed komo4ek's ghost
  6969 | D:6      | Reached skill level 9 in Stealth
  6969 | D:6      | Reached XP level 9. HP: 35/48 MP: 1/17
  7123 | D:6      | Reached skill level 5 in Short Blades
  7198 | D:6      | Reached skill level 10 in Stealth
  7525 | D:6      | Noticed Eustachio
  7528 | D:6      | Killed Eustachio
  7543 | D:6      | Reached *** piety under Dithmenos
  7594 | D:6      | Noticed Duvessa
  7601 | D:6      | Noticed Dowan
  7602 | D:6      | Killed Duvessa
  7616 | D:6      | Killed Dowan
  7616 | D:6      | Reached XP level 10. HP: 51/53 MP: 16/19
  7817 | D:7      | Noticed Pikel
  7848 | D:7      | Killed Pikel
  7848 | D:7      | Reached skill level 11 in Stealth
  7978 | D:7      | Noticed Menkaure
  8293 | D:7      | Reached **** piety under Dithmenos
  8358 | D:7      | Killed Menkaure
  8423 | D:7      | Found a staircase to the Ecumenical Temple.
  8744 | D:7      | Found Niesyhit's Weapon Shop.
  9022 | D:8      | Noticed a two-headed ogre
  9081 | D:8      | Noticed Gastronok
  9449 | D:8      | Reached skill level 5 in Dodging
  9478 | D:8      | Noticed a cyclops
  9581 | D:8      | Killed a two-headed ogre
  9581 | D:8      | Reached skill level 12 in Stealth
  9581 | D:8      | Reached XP level 11. HP: 43/60 MP: 16/23
  9708 | D:8      | Killed a cyclops
  9767 | D:8      | Found Vywaq Imunni's Demolitions Depot.
  9800 | D:8      | Learned a level 1 spell: Confusing Touch
 10363 | D:8      | Noticed arkorax's ghost (novice MiWn)
 10750 | D:9      | Reached ***** piety under Dithmenos
 10934 | D:9      | Noticed a two-headed ogre
 10956 | D:9      | Demolished by a two-headed ogre

Skill      XL: |  1  2  3  4  5  6  7  8  9 10 11 |
---------------+----------------------------------+-----
Short Blades   | 2 3 4 5 6 7 |  7.1
Stealth        | 5 6 7 9 10 12 | 12.4
Ice Magic      | 1 2 3 |  3.2
Spellcasting   | 3 4 5 6 8 |  8.5
Fighting       | 1 2 3 |  3.0
Hexes          | 4 6 7 8 9 |  9.1
Dodging        | 3 4 5 |  5.5
Evocations     | |  0.6

Action                   |  1- 3 |  4- 6 |  7- 9 | 10-12 || total
-------------------------+-------+-------+-------+-------++-------
Melee: Dagger            |    76 |   263 |   270 |   309 ||   918
       Unarmed           |       |       |       |     6 ||     6
 Cast: Corona            |     4 |       |       |       ||     4
       Ensorcelled Hiber |    17 |    40 |    24 |    28 ||   109
       Confuse           |       |     8 |    24 |    35 ||    67
       Confusing Touch   |       |       |       |     7 ||     7
Evoke: Wand              |       |       |       |     3 ||     3
  Use: Potion            |       |     1 |     1 |       ||     2
       Scroll            |       |       |    13 |     6 ||    19
 Stab: Sleeping          |    18 |    30 |    31 |    32 ||   111
       Confused          |       |     7 |    17 |    15 ||    39
       Distracted        |       |       |     1 |     3 ||     4
  Eat: Chunk             |    12 |    13 |    11 |    11 ||    47
Armor: Robe              |    13 |     7 |    18 |    32 ||    70
       Skin              |       |       |    14 |       ||    14
Dodge: Dodged            |    57 |    98 |   129 |   265 ||   549
